AoeStats
← Chuckles

Arabia

510010223Analyzed
1v1 RM · 4d ago on Sep 29, 2026· 47m 33s· 2 players
Game mode
Random Map
Map size
Tiny (2 player)
Population
200
Speed
Normal
Resources
Standard
Victory
Conquest
Starting age
Dark Age
Ending age
Imperial Age
RankedLock teamsTeams togetherTeam positionsShared explorationLock speedFull tech treeHidden civsTurbo modeCheats
Victory
Defeat
🇦🇷 Mongols · Argentina
542
+21
🇺🇸 Koreans · United States
650
-37
Colon Master
8:01 Loom
10:07 Feudal Age
15:26 Scale Barding Armor
21:33 Castle Age
20:11 Gold Mining
20:33 Double-Bit Axe
20:39 Horse Collar
22:21 Forging
22:29 Bloodlines
30:52 Husbandry
31:20 Chain Barding Armor
31:15 Forging
41:45 Imperial Age
43:41 Wheelbarrow
44:02 Fletching
44:58 Iron Casting
43:48 Elite Steppe Lancer
Chuckles
10:20 Feudal Age
9:30 Loom
10:59 Double-Bit Axe
20:38 Scale Mail Armor
27:24 Castle Age
27:55 Pikeman
34:02 Wheelbarrow
36:19 Stone Mining
40:24 Squires
45:41 Elite Skirmisher
47:48 Ballistics
Connection lost

Rejoining the realm…

Still unreachable

The connection could not be restored.

Session expired

The server has moved on; the page needs a fresh start.